 Dungeon Crawl Stone Soup version 0.20-a0-259-gc929cd2 (webtiles) character file.

7 GtheDark the Grave Robber (level 1, -2/13 HPs)
             Began as a Vampire Necromancer on Dec 2, 2016.
             Slain by an ooze (5 damage)
             ... on level 1 of the Dungeon.
             The game lasted 00:19:19 (455 turns).

GtheDark the Grave Robber (Vampire Necromancer)      Turns: 455, Time: 00:19:20

Health: -2/13      AC:  2    Str:  7    XL:     1   Next: 83%
Magic:  0/3        EV: 12    Int: 17    God:
Gold:   25         SH:  0    Dex: 14    Spells: 2/4 levels left

rFire  . . .     SeeInvis +     (no weapon)
rCold  . . .     Gourm    .     a - +0 robe
rNeg   . . .     Faith    .     (no shield)
rPois  .         Spirit   .     (no helmet)
rElec  .         Reflect  .     (no cloak)
rCorr  .         Harm     .     (no gloves)
MR     .....                    (no boots)
Stlth  ++........               (no amulet)
                                (no ring)
                                (no ring)

@: regenerating quickly
A: fangs 3, see invisible, unbreathing
a: no special abilities


You were on level 1 of the Dungeon.
You were full.

You visited 1 branch of the dungeon, and saw 1 of its levels.

You collected 25 gold pieces.

Inventory:

Hand Weapons
 e - a +0 whip
 i - a +0 club
 l - a +0 spear
 n - a cursed +0 club
 q - a +0 short sword
Armour
 a - a +0 robe (worn)
 d - a +0 pair of gloves
Scrolls
 g - a scroll of remove curse {unknown}
 k - a scroll of blinking {unknown}
 o - 4 scrolls of enchant weapon {unknown}
 p - a scroll of recharging {unknown}
Potions
 h - a potion of agility {unknown}
Books
 b - a book of Necromancy

   Spells                             Type                      Level
   a - Pain                           Necromancy                   1
   b - Animate Skeleton               Necromancy                   1
   c - Vampiric Draining              Necromancy                   3
   d - Regeneration                   Charms/Necromancy            3
   e - Animate Dead                   Necromancy                   4
   f - Control Undead                 Necromancy                   4
Comestibles
 m - a meat ration


   Skills:
 + Level 2.1 Dodging
 + Level 3.0 Stealth
 + Level 2.1 Spellcasting
 + Level 4.7 Necromancy


You had 2 spell levels left.
You knew the following spells:

 Your Spells              Type           Power        Failure   Level  Hunger
a - Pain                  Necr           ###.         2%          1    #......
b - Animate Skeleton      Necr           N/A          2%          1    #......


Dungeon Overview and Level Annotations

Branches:
Dungeon (1/15)

Altars:


Innate Abilities, Weirdness & Mutations

Your natural rate of healing is unusually fast.
You have razor-sharp teeth.
You have supernaturally acute eyesight. (SInv)
You can survive without breathing.


Message History

Press: ? - help, Shift-Dir - straight line, f/p - hobgoblin
Aim: a hobgoblin, wielding a club (severely wounded, chance to defeat MR: 87%)
The hobgoblin writhes in agony!
You kill the hobgoblin!
Casting: Pain
Confirm with . or Enter, or press ? or * to list all spells.
Aiming: Pain
Press: ? - help, Shift-Dir - straight line, f - ooze
Aim: an ooze (chance to defeat MR: 76%)
The ooze writhes in agony!
The ooze hits you but does no damage.
You hit the ooze but do no damage.
The ooze is lightly wounded.
The ooze closely misses you.
You hit the ooze but do no damage.
The ooze is lightly wounded.
The ooze hits you.
* * * LOW HITPOINT WARNING * * *
A rat comes into view.
The ooze hits you.
You die...

........#..##......(.#.####.###.#
...<....#..######..##............
........#..####....##..####.###.#
........#...................# #.#
........#..####.##.###.###### #.#
#+#######..# ##)##.# #.# ####.#
....###...#.# #.# #....#
.....##......# #.# #.####
#.#######.J@### ..# #.# #. ##.##
.## #.# # .r......# . #.#
######### #.#### #..... #.####
##.# #..# ## #..#


You could see an ooze.

Vanquished Creatures
  A goblin (D:1)
  A hobgoblin (D:1)
  A kobold (D:1)
  2 rats (D:1)
5 creatures vanquished.

Vanquished Creatures (collateral kills)
  A hobgoblin (D:1)
  A frilled lizard (D:1)
2 creatures vanquished.

Grand Total: 7 creatures vanquished

Notes
Turn   | Place    | Note
-------+----------+-------------------------------------------
     0 | D:1      | GtheDark the Vampire Necromancer began the quest for the Orb.
     0 | D:1      | Reached XP level 1. HP: 13/13 MP: 3/3
    86 | D:1      | Learned a level 1 spell: Animate Skeleton
   455 | D:1      | Slain by an ooze

Vault maps used:
D:1:      lemuel_arrival_room

Action                   || total
-------------------------++-------
Melee: Unarmed           ||    27
       Bite              ||     1
 Cast: Pain              ||     8
       Animate Skeleton  ||     2
  Use: Potion            ||     2
       Scroll            ||     1
  Eat: Corpse            ||     2
Armor: Robe              ||     8
Dodge: Dodged            ||    21
